 Dungeon Crawl Stone Soup version 0.29-a0-330-g52719c12eb (webtiles) character file.

Game seed: 4237600562125226620

289 HoaS the Bolt Thrower (level 6, 0/44 HPs)
             Began as a Formicid Hunter on May 18, 2022.
             Slain by a black bear (3 damage)
             ... on level 3 of the Dungeon.
             The game lasted 00:08:01 (2874 turns).

HoaS the Bolt Thrower (Formicid Hunter)             Turns: 2874, Time: 00:08:02

Health: 0/44       AC:  6    Str: 17    XL:     6   Next: 57%
Magic:  6/6        EV: 16    Int:  9    God:
Gold:   189        SH:  0    Dex: 20    Spells: 5/5 levels left

rFire   . . .      SeeInvis +   a - +2 hand crossbow
rCold   . . .      Faith    .   (no shield)
rNeg    . . .      Spirit   .   o - +0 leather armour {rPois}
rPois   +          Reflect  .   (helmet unavailable)
rElec   .          Harm     .   b - +1 cloak {Will+}
rCorr   .          Rampage  .   (no gloves)
Will    ++...                   e - +0 pair of boots
Stlth   ++........              (no amulet)
HPRegen 0.14/turn               k - ring of willpower
MPRegen 0.10/turn               l - ring "Ziecau" {EV+4 Str+2 Dex+4}

@: no status effects
A: permanent stasis, dig shafts and tunnels, antennae 3, four strong arms
a: Dig, Shaft Self


You were on level 3 of the Dungeon.
You visited 1 branch of the dungeon, and saw 5 of its levels.

You collected 189 gold pieces.

Inventory:

Hand Weapons
 a - a +2 hand crossbow (weapon)
Armour
 b - a +1 cloak of willpower (worn)
 e - a +0 pair of boots (worn)
 o - a +0 leather armour of poison resistance (worn)
Jewellery
 k - a ring of willpower (left hand)
 l - the ring "Ziecau" (right hand) {EV+4 Str+2 Dex+4}
   (You found it on level 3 of the Dungeon)

   [ring of evasion]

   EV:        It affects your evasion (+4).
   Str:       It affects your strength (+2).
   Dex:       It affects your dexterity (+4).
Wands
 p - a wand of flame (19)
Scrolls
 c - 2 scrolls of immolation
 i - 3 scrolls of identify
 j - a scroll of fog
 n - a scroll of magic mapping
Potions
 f - a potion of might
 g - a potion of heal wounds
 h - 2 potions of resistance
 m - a potion of cancellation {unknown}


   Skills:
 - Level 2.1 Fighting
 + Level 7.4 Crossbows
 - Level 1.7 Dodging
 - Level 1.2 Stealth


You had 5 spell levels left.
You didn't know any spells.
Your spell library contained the following spells:

 Spells                   Type           Power      Damage    Failure   Level
 Freeze                   Ice            0%         1d3       45%         1
 Frozen Ramparts          Ice            0%         1d2       83%         3
 Ignite Poison            Fire/Tmut/Pois 0%         N/A       83%         3
 Mephitic Cloud           Conj/Pois/Air  0%         N/A       83%         3
 Hailstorm                Conj/Ice       0%         3d3       99%         4
 Freezing Cloud           Conj/Ice/Air   0%         6-21      100%        5


Dungeon Overview and Level Annotations

Branches:
Dungeon (5/15)
 Temple: D:4-7

Altars:
Xom

Shops:
D:1 *   D:3 (   D:4 (


Innate Abilities, Weirdness & Mutations

You cannot be hasted, slowed, berserked, paralysed or teleported.
You can dig through walls and to a lower floor.
You have a pair of large antennae on your head. (SInv)
Your four strong arms can wield two-handed weapons with a shield.


Message History

Aim: a black bear (almost dead, berserk, 75% to hit)
You shoot a bolt. The bolt hits the black bear.
The black bear is almost dead.
The black bear barely misses you. The black bear misses you.
The black bear barely misses you.
Shoot: a) +2 hand crossbow
Press: ? - help, Q - select action, (/) - cycle Shift-Dir - straight line, f/p - black bear
Aim: a black bear (almost dead, berserk, 75% to hit)
You shoot a bolt.
The bolt completely misses the black bear.
The black bear closely misses you. The black bear completely misses you.
The black bear claws you. The black bear bites you.
The black bear claws you but does no damage.
The black bear claws you.
* * * LOW HITPOINT WARNING * * *
Shoot: a) +2 hand crossbow
Press: ? - help, Q - select action, (/) - cycle Shift-Dir - straight line, f/p - black bear
Aim: a black bear (almost dead, berserk, 75% to hit)
Okay, then.
You feel much better. The black bear bites you.
The black bear barely misses you. The black bear claws you.
Shoot: a) +2 hand crossbow
Press: ? - help, Q - select action, (/) - cycle Shift-Dir - straight line, f/p - black bear
Aim: a black bear (almost dead, berserk, 75% to hit)
You shoot a bolt. The bolt closely misses the black bear.
The black bear bites you!
The black bear claws you but does no damage. x2
The black bear misses you. The black bear claws you.
The black bear barely misses you.
Shoot: a) +2 hand crossbow
Press: ? - help, Q - select action, (/) - cycle Shift-Dir - straight line, f/p - black bear
Aim: a black bear (almost dead, berserk, 75% to hit)
You shoot a bolt. The bolt hits the black bear.
The black bear is almost dead.
The black bear completely misses you.
The black bear claws you but does no damage.
The black bear claws you. The black bear bites you!
* * * LOW HITPOINT WARNING * * *
The black bear claws you.
You die...

.....+.......+...................
######.......###.###..######..###
...........?....)............
.############.###########..###
###.# #..............# ....#
#..#########...# .^..# #..#
###...## .....# #..# #......##
.....# #@.# #......+. .....<
#.h#######......#. ###...
####.......##........ .#.
###.......(..##.......# {#
.............##.###+#.. #
.............##.# #.#.. ###.#
.............##.###.#.# ....#
.....#.......##........ #...#.
######..###########.#..


You could see a black bear (berserk).

Vanquished Creatures
  An orc priest (D:5)
  Ijyb (D:5)
  2 iguanas
  4 gnolls (D:3)
  5 adders
  An ufetubus (D:5)
  A worm (D:2)
  A dart slug (D:1)
  2 orcs (D:5)
  7 endoplasms
  6 goblins
  10 hobgoblins
  10 jackals
  A quokka (D:3)
  9 ball pythons
  4 bats
  2 frilled lizards
  10 kobolds
  6 rats
83 creatures vanquished.

Notes
Turn   | Place    | Note
-------+----------+-------------------------------------------
     0 | D:1      | HoaS the Formicid Hunter began the quest for the Orb.
     0 | D:1      | Reached XP level 1. HP: 16/16 MP: 1/1
   139 | D:1      | Found Wufruxaw's Assorted Antiques.
   164 | D:1      | Reached XP level 2. HP: 22/22 MP: 2/2
   462 | D:1      | Reached XP level 3. HP: 27/27 MP: 3/3
   489 | D:1      | Reached skill level 5 in Crossbows
   802 | D:1      | Found a faded altar of an unknown god.
  1091 | D:2      | Reached XP level 4. HP: 33/33 MP: 4/4
  1447 | D:2      | Reached XP level 5. HP: 38/38 MP: 5/5
  1451 | D:2      | Reached skill level 6 in Crossbows
  1739 | D:3      | Found Leosat's Weapon Shoppe.
  2142 | D:3      | Identified the ring "Ziecau" {EV+4 Str+2 Dex+4}
  2290 | D:3      | Reached XP level 6. HP: 44/44 MP: 6/6
  2374 | D:3      | You fall into a shaft and drop 2 floors!
  2374 | D:5      | Entered Level 5 of the Dungeon
  2381 | D:5      | Reached skill level 7 in Crossbows
  2583 | D:5      | Noticed Ijyb
  2592 | D:5      | Killed Ijyb
  2658 | D:4      | Found a shimmering altar of Xom.
  2727 | D:4      | Found Faety's Weapon Boutique.
  2857 | D:3      | Noticed a black bear
  2874 | D:3      | Slain by a black bear

Illustrated notes

Levels and vault maps discovered:
D:1:      minmay_arrival_jagged, layout_loops_corners, serial_shops, shop,
          shapermc_ecumenical_altar_acropolis, minmay_statues_item,
          nrook_mini_backslash, minmay_tromino_mix6
D:2:      layout_loops_ring, moated_statue, dreamdust_princess_corridor
D:3:      layout_basic, serial_shops, nicolae_shop_bloodbath_and_beyond
D:4:      layout_layer_cave, nicolae_overflow_hidden_temple,
          mainiacjoe_overflow_cross_hatched, serial_shops, shop, uniq_menkaure,
          uniq_pikel
D:5:      layout_gridville, mainiacjoe_overflow_brackets, st_stairs_3,
          uniq_duvessa, uniq_ijyb

Skill      XL: |  1  2  3  4  5  6 |
---------------+-------------------+-----
Crossbows      | 5 6 7 |  7.4
Fighting       | |  2.1
Dodging        | |  1.7
Stealth        | |  1.2

Action                   |  1- 3 |  4- 6 || total
-------------------------+-------+-------++-------
 Fire: Hand crossbow     |    96 |   170 ||   266
 Abil: Dig               |       |     1 ||     1
  Use: Scroll            |     4 |     8 ||    12
       Potion            |       |     2 ||     2
Armor: Leather armour    |    10 |    24 ||    34
Dodge: Dodged            |    23 |    62 ||    85

Table legend: (Time is in decaauts)
 A = Elapsed time spent in this place.
 B = Non-inter-level travel time spent in this place.
 C = Inter-level travel time spent in this place.
 D = Time resting spent in this place.
 E = Time spent auto-exploring this place.
 F = Levels seen in this place.
 G = Mean time per level.
                   A        B        C        D        E       F      G
               +--------+--------+--------+--------+--------+-----+--------+
         Total |   2940 |   2871 |     69 |    393 |   1844 |   5 |  588.0 |
       Dungeon |   2940 |   2871 |     69 |    393 |   1844 |   5 |  588.0 |
               +--------+--------+--------+--------+--------+-----+--------+

Top non-repeatable levels by time:
     D:1: 970 daAuts
     D:3: 833 daAuts
     D:2: 758 daAuts
     D:5: 335 daAuts
     D:4: 43 daAuts
